 Dungeon Crawl Stone Soup version 0.18.1-50-g88ac8fd (webtiles) character file.

149 Fiskpinne the Vexing (level 5, -3/29 HPs)
             Began as a Kobold Enchanter on Sept 29, 2016.
             Killed from afar by letownia's ghost (5 damage)
             ... with a magic dart
             ... on level 3 of the Dungeon.
             The game lasted 00:14:17 (3125 turns).

Fiskpinne the Vexing (Kobold Enchanter)             Turns: 3125, Time: 00:14:18

Health: -3/29      AC:  4    Str:  6    XL:     5   Next: 56%
Magic:  1/8        EV: 15    Int: 14    God:
Gold:   155        SH:  0    Dex: 17    Spells: 3 memorised, 2 levels left

rFire  . . .     SeeInvis .     a - +1 dagger
rCold  + . .     Gourm    .     e - +2 robe {rC+}
rNeg   . . .     Faith    .     (shield restricted)
rPois  .         Spirit   .     (no helmet)
rElec  .         Dismiss  .     (no cloak)
rCorr  .         Reflect  .     (no gloves)
SustAt .         Harm     .     (no boots)
MR     .....                    (no amulet)
Stlth  +++.......               (no ring)
                                (no ring)

@: very slightly contaminated, not resistant to hostile enchantments, fairly
stealthy
A: carnivore 3
a: no special abilities


You were on level 3 of the Dungeon.
You were very full.

You visited 1 branch of the dungeon, and saw 3 of its levels.

You collected 155 gold pieces.

Inventory:

Hand Weapons
 a - a +1 dagger (weapon)
Missiles
 j - 145 stones (quivered)
Armour
 b - a +1 robe
 e - a +2 robe of cold resistance (worn)
Scrolls
 g - a scroll of teleportation {unknown}
 i - 2 scrolls of amnesia {unknown}
 k - a scroll of fog {unknown}
 l - a scroll of random uselessness {unknown}
 n - 2 scrolls of identify
 p - a scroll of blinking {unknown}
 t - a scroll of enchant weapon {unknown}
Potions
 f - a potion of degeneration {unknown}
 h - 2 potions of brilliance {unknown}
 m - 2 potions of resistance
 r - a potion of lignification {unknown}
 s - a potion of curing
Books
 c - a book of Maledictions

   Spells                             Type                      Level
   a - Corona                         Hexes                        1
   b - Ensorcelled Hibernation        Hexes/Ice                    2
   c - Confuse                        Hexes                        3
   d - Tukima's Dance                 Hexes                        3
   e - Dazzling Spray                 Conjuration/Hexes            3
Comestibles
 d - 4 meat rations
 q - 4 chunks of flesh


   Skills:
 - Level 1.4 Fighting
 + Level 2.6 Short Blades
 - Level 2.4 Dodging
 - Level 4.0 Stealth
 - Level 2.0 Spellcasting
 * Level 5.2 Hexes
 - Level 0.4 Ice Magic


You had 2 spell levels left.
You knew the following spells:

 Your Spells              Type           Power        Failure   Level  Hunger
a - Corona                Hex            ###....      2%          1    ##.....
b - Ensorcelled Hibernat  Hex/Ice        #.....       14%         2    ###....
c - Tukima's Dance        Hex            ###.....     10%         3    ####...


Dungeon Overview and Level Annotations

Branches:
Dungeon (3/15)

Altars:
Trog

Annotations:
D:3 letownia's ghost, amateur VSWz


Innate Abilities, Weirdness & Mutations

You are small and have problems with some larger weapons.
You are carnivorous and can eat meat at any time.


Message History

Letownia's ghost hits you.
Casting: Corona
Confirm with . or Enter, or press ? or * to list all spells.
Aiming: Corona
Press: ? - help, Shift-Dir - straight line, f/p - letownia's ghost
Aim: letownia's ghost (almost destroyed, chance to defeat MR: 40%) Letownia's ghost is outlined in light.
Letownia's ghost shouts, "I have seen your future, and it is all used up."
Letownia's ghost hits you.
* * * LOW HITPOINT WARNING * * *
You hit letownia's ghost but do no damage.
Letownia's ghost is almost destroyed.
Letownia's ghost casts a spell at you. The magic dart hits you!
* * * LOW HITPOINT WARNING * * *
You closely miss letownia's ghost.
Letownia's ghost is almost destroyed.
Letownia's ghost points at you and mumbles some strange words.
The magic dart hits you!
You die...

#.###......##.###.######
#........#.##.........>#
......###...#####.####.#
..###.##.....####.#
#.##....†.......#)# #.
#.###....[##.#.#
#.####...###.#.#
#.#.###.####.#W####
#.##..#.........@.##..
#.............#.####.#
#####.W###.##.#.# #.# #
#..###.##.#.# #.###.#
#......##.#.# #...%.#
#..######.#.# ##.####
#..# #.#.## #.# #..#
#....# #.#
#..######..#.####.#####


You could see letownia's ghost.

Vanquished Creatures
  Jessica (D:2)
  5 adders
  A worm (D:2)
  A dart slug (D:3)
  2 giant geckos
  An orc (D:3)
  3 ball pythons
  4 giant cockroaches
  9 goblins
  9 hobgoblins
  8 jackals
  9 kobolds
  8 bats
  2 giant newts
  8 rats
71 creatures vanquished.

Notes
Turn   | Place    | Note
--------------------------------------------------------------
     0 | D:1      | Fiskpinne the Kobold Enchanter began the quest for the Orb.
     0 | D:1      | Reached XP level 1. HP: 10/10 MP: 3/3
   111 | D:1      | Reached XP level 2. HP: 12/15 MP: 5/5
   385 | D:1      | Reached XP level 3. HP: 7/19 MP: 3/6
   386 | D:1      | Reached skill level 4 in Hexes
   596 | D:1      | Learned a level 2 spell: Ensorcelled Hibernation
   600 | D:1      | Learned a level 3 spell: Tukima's Dance
  1652 | D:2      | Reached XP level 4. HP: 24/24 MP: 2/7
  1712 | D:2      | Noticed Jessica
  1737 | D:2      | Killed Jessica
  1737 | D:2      | Reached skill level 1 in Fighting
  2123 | D:2      | Found a bloodstained altar of Trog.
  2238 | D:2      | Reached XP level 5. HP: 29/29 MP: 8/8
  2644 | D:3      | Found a faded altar to an unknown god.
  2657 | D:3      | Reached skill level 5 in Hexes
  3036 | D:3      | Noticed letownia's ghost (amateur VSWz)
  3125 | D:3      | Killed from afar by letownia's ghost

Skill      XL: |  1  2  3  4  5 |
---------------+----------------+-----
Hexes          | 4 5 |  5.2
Fighting       | 1 |  1.4
Short Blades   | 2 |  2.6
Dodging        | |  2.4
Stealth        | |  4.0
Spellcasting   | |  2.0
Ice Magic      | |  0.4

Action                   |  1- 3 |  4- 6 || total
-------------------------+-------+-------++-------
Melee: Dagger            |   148 |   144 ||   292
 Cast: Corona            |     6 |     6 ||    12
       Ensorcelled Hiber |     4 |    13 ||    17
       Tukima's Dance    |       |     2 ||     2
  Use: Potion            |     1 |     5 ||     6
       Scroll            |       |     2 ||     2
 Stab: Sleeping          |     8 |    11 ||    19
       Distracted        |     1 |       ||     1
  Eat: Chunk             |    11 |     6 ||    17
Armor: Robe              |    28 |    25 ||    53
Dodge: Dodged            |   145 |   100 ||   245
